 Dungeon Crawl Stone Soup version 0.22.0-38-g04b72b8 (webtiles) character file.

73 Larett the Skirmisher (level 4, -3/42 HPs)
             Began as a Minotaur Berserker on Aug 25, 2018.
             Was a Believer of Trog.
             Killed from afar by Natasha (7 damage)
             ... with a magic dart
             ... on level 2 of the Dungeon.
             The game lasted 00:02:14 (1287 turns).

Larett the Skirmisher (Minotaur Berserker)          Turns: 1287, Time: 00:02:16

Health: -3/42      AC:  2    Str: 22    XL:     4   Next: 8%
Magic:  3/3        EV: 12    Int:  4    God:    Trog [**....]
Gold:   91         SH:  0    Dex: 10    Spells: 3/3 levels left

rFire    x . .     SeeInvis .   a - +0 hand axe
rCold    + . .     Gourm    .   (no shield)
rNeg     . . .     Faith    .   b - +0 animal skin
rPois    .         Spirit   .   (helmet restricted)
rElec    .         Reflect  .   (no cloak)
rCorr    .         Harm     .   (no gloves)
MR       .....                  (no boots)
Stlth    +.........             (no amulet)
HPRegen  0.14/turn              i - ring of ice
MPRegen  0.08/turn              (no ring)

@: no status effects
A: retaliatory headbutt, horns 2
a: Berserk, Trog's Hand, Renounce Religion


You were on level 2 of the Dungeon.
You worshipped Trog.
Trog was pleased with you.
You were not hungry.

You visited 1 branch of the dungeon, and saw 2 of its levels.

You collected 91 gold pieces.

Inventory:

Hand Weapons
 a - a +0 hand axe (weapon)
 j - a cursed -2 dagger
Missiles
 d - 5 stones (quivered)
Armour
 b - a +0 animal skin (worn)
Jewellery
 i - a ring of ice (left hand)
Scrolls
 l - a scroll of teleportation {unknown}
 m - a scroll of fear {unknown}
Potions
 g - a potion of haste {unknown}
 h - a potion of flight {unknown}
 k - a potion of ambrosia {unknown}
Comestibles
 c - 3 rations


   Skills:
 * Level 5.3 Fighting
 + Level 4.5 Axes
 - Level 2.4 Armour
 - Level 2.1 Dodging


You had 3 spell levels left.
You didn't know any spells.
Your spell library was empty.

Dungeon Overview and Level Annotations

Branches:
Dungeon (2/15)

Altars:

Annotations:
D:2 Natasha


Innate Abilities, Weirdness & Mutations

You reflexively headbutt those who attack you in melee.
You have a pair of horns on your head.


Message History

You are too injured to fight recklessly!
You are too injured to fight recklessly!
You are too injured to fight recklessly!
You completely miss Natasha. Your headbutt misses Natasha.
Natasha zaps a wand.
The puff of flame misses you.
You closely miss Natasha. Natasha claws you.
You hit Natasha. Your headbutt misses Natasha.
Natasha is lightly wounded.
Natasha zaps a wand.
The puff of flame hits you! The fire burns you terribly!
* * * LOW HITPOINT WARNING * * *
You closely miss Natasha. Your headbutt misses Natasha.
Natasha is lightly wounded.
Natasha barely misses you.
You hit Natasha.
Natasha is moderately wounded.
Natasha wildly gestures.
You feel troubled. Natasha casts a spell at you. The magic dart hits you!
You die...

#.# #..#####.#.##....
#.....### #.#..#....
#####.....#.. #.#..#....
#.......###.#.#.#...#<#.
..........#.#.#.###.###.
........#.#.#...).#.. ..
........#.#.###)#.#... .
........#.#.#....<....#
...w..h@..#.#...####..#
##########......# .#
#......# .. #.#...## .
#.##### #.. ###


You could see a worm and Natasha.

Vanquished Creatures
  Jessica (D:2)
  An adder (D:2)
  A worm (D:2)
  A dart slug (D:2)
  A leopard gecko (D:2)
  A ball python (D:2)
  A giant cockroach (D:1)
  6 hobgoblins
  4 kobolds
  7 bats
  2 frilled lizards (D:1)
  7 goblins
33 creatures vanquished.

Notes
Turn   | Place    | Note
-------+----------+-------------------------------------------
     0 | D:1      | Larett the Minotaur Berserker began the quest for the Orb.
     0 | D:1      | Reached XP level 1. HP: 19/19 MP: 0/0
   163 | D:1      | Reached skill level 4 in Fighting
   308 | D:1      | Reached XP level 2. HP: 25/27 MP: 1/1
   948 | D:2      | Reached ** piety under Trog
   976 | D:2      | Noticed Jessica
   982 | D:2      | Killed Jessica
   982 | D:2      | Reached skill level 5 in Fighting
   982 | D:2      | Reached XP level 3. HP: 30/36 MP: 2/2
  1033 | D:2      | Reached XP level 4. HP: 24/42 MP: 3/3
  1274 | D:2      | Noticed Natasha
  1285 | D:2      | HP: 4/42 [Natasha/wand of flame (29) (18)]
  1287 | D:2      | Killed from afar by Natasha

Skill      XL: |  1  2 |
---------------+-------+-----
Fighting       | 4 5 |  5.3
Axes           | 4 |  4.5
Armour         | |  2.4
Dodging        | |  2.1

Action                   |  1- 3 |  4- 6 || total
-------------------------+-------+-------++-------
Melee: Hand axe          |    56 |     9 ||    65
       Headbutt          |     3 |     3 ||     6
Invok: Trog's Hand       |     1 |       ||     1
  Eat: Chunk             |     1 |       ||     1
Armor: Animal skin       |    19 |       ||    19
Dodge: Dodged            |    53 |     3 ||    56
